 Dungeon Crawl Stone Soup version 0.20-a0-1020-g7b9e4fe (webtiles) character file.

5148 qqqbard the Carver (level 10, -8/91 HPs)
             Began as a Minotaur Berserker on Apr 18, 2017.
             Was an Elder of Trog.
             Mangled by an orc warrior
             ... wielding a +0 mace
              (16 damage)
             ... on level 9 of the Dungeon.
             The game lasted 00:10:36 (7022 turns).

qqqbard the Carver (Minotaur Berserker)             Turns: 7022, Time: 00:10:36

Health: -8/91      AC: 12    Str: 24    XL:     10   Next: 33%
Magic:  18/18      EV: 11    Int:  9    God:    Trog [****..]
Gold:   399        SH:  5    Dex: 11    Spells: 9/9 levels left

rFire    . . .     SeeInvis +   x - +0 falchion (slice)
rCold    . . .     Gourm    .   r - +2 buckler
rNeg     + . .     Faith    .   y - +0 chain mail (curse)
rPois    .         Spirit   .   (helmet restricted)
rElec    .         Reflect  .   i - +0 cloak
rCorr    .         Harm     .   (no gloves)
MR       ++...                  (no boots)
Stlth    ..........             (no amulet)
Regen    1.3/turn               H - ring "Riyjih" {+Fly rN+ MP+9 SInv}
MPRegen  0.2/turn               (no ring)

@: brilliant, flying, regenerating
A: retaliatory headbutt, horns 2
a: Berserk, Trog's Hand, Brothers in Arms, Burn Spellbooks, Renounce Religion


You were on level 9 of the Dungeon.
You worshipped Trog.
Trog was greatly pleased with you.
You were hungry.

You visited 2 branches of the dungeon, and saw 10 of its levels.

You collected 399 gold pieces.

Inventory:

Hand Weapons
 a - a +0 falchion
 x - a +0 falchion of slicing (weapon)
Armour
 i - a +0 cloak (worn)
 r - a +2 buckler (worn)
 y - a cursed +0 chain mail (worn)
Jewellery
 h - a +5 ring of protection {unknown}
 k - an uncursed amulet of guardian spirit {unknown}
 w - a +3 ring of evasion {unknown}
 A - a cursed -2 ring of dexterity {unknown}
 H - the ring "Riyjih" (left hand) {+Fly rN+ MP+9 SInv}
   (You found it on level 8 of the Dungeon)

   [ring of flight]

   It protects you from negative energy.
   It affects your magic capacity (+9).
   It lets you see invisible.
   It lets you fly.
Wands
 z - a wand of paralysis (10/24)
Scrolls
 b - 3 scrolls of blinking {unknown}
 d - 6 scrolls of remove curse
 j - 12 scrolls of identify
 l - 3 scrolls of fear {unknown}
 o - a scroll of enchant weapon {unknown}
 p - 5 scrolls of teleportation {unknown}
 s - 3 scrolls of amnesia {unknown}
 t - 2 scrolls of magic mapping {unknown}
 F - 2 scrolls of enchant armour {unknown}
 G - 3 scrolls of noise {unknown}
 I - a scroll of vulnerability {unknown}
Potions
 e - 5 potions of curing {unknown}
 f - 2 potions of agility {unknown}
 g - 4 potions of brilliance
 m - 4 potions of flight
 n - 3 potions of heal wounds {unknown}
 q - a potion of haste {unknown}
 u - a potion of magic {unknown}
 B - 3 potions of mutation {unknown}
 D - 2 potions of lignification {unknown}
 E - a potion of degeneration {unknown}
Books
 J - a book of Air

   Spells                             Type                      Level
   a - Shock                          Conjuration/Air              1
   b - Swiftness                      Charms/Air                   2
   c - Static Discharge               Conjuration/Air              3
   d - Airstrike                      Air                          4
   e - Lightning Bolt                 Conjuration/Air              5
   Trog disapproves of the use of such an item.
Miscellaneous
 L - a lamp of fire
Comestibles
 c - 7 bread rations
 v - 3 meat rations
 C - 5 royal jellies


   Skills:
 + Level 9.0 Fighting
 * Level 11.9 Long Blades
 + Level 8.5 Armour
 + Level 7.8 Dodging
 + Level 0.6 Evocations


You had 9 spell levels left.
You didn't know any spells.

Dungeon Overview and Level Annotations

Branches:
Dungeon (9/15)             Temple (1/1) D:5
   Lair: D:8-11         Orc: D:9-12

Altars:
Ashenzari
Cheibriados
Dithmenos
Elyvilon
Fedhas
Gozag
Hepliaklqana
Kikubaaqudgha
Makhleb
Nemelex Xobeh
Okawaru
Qazlal
Ru
Sif Muna
Trog
Uskayaw
Vehumet
Wu Jian
Xom
Yredelemnul
Zin
The Shining One
Lugonu

Shops:
D:8 [


Innate Abilities, Weirdness & Mutations

You reflexively headbutt those who attack you in melee.
You have a pair of horns on your head.


Message History

* * * LOW HITPOINT WARNING * * *
There is a stone staircase leading up, spattered with blood here.
Your skin crawls.
You feel resistant to hostile enchantments.
You feel somewhat more hungry. Trog will no longer gift you weapons.
The yak gores you!
* * * LOW HITPOINT WARNING * * *
The yak gores you!
* * * LOW HITPOINT WARNING * * *
The orc warrior misses you. You furiously retaliate!
You headbutt the orc warrior.
It was a potion of brilliance.
You feel clever all of a sudden. The yak gores you but does no damage.
The yak barely misses you. You furiously retaliate!
You headbutt the yak!
It was a potion of flight.
You feel very buoyant.
You fly up into the air.
The orc warrior hits you with a mace!
You die...

##.........
##..........
##...........
##.....)......
##.............
##..............
##...............
##Y...............
#@Y...............
##o...............
###...............
#.................
#.###.............
#.# #.............
#.###+###.........
#.#.....#.........
#.#.....#...).....


You could see 2 yaks and an orc warrior.

Vanquished Creatures
  Pikel (D:5)
  The ghost of CanOfBees the Ducker, a novice TeMo (D:5)
  The ghost of Deofuta the Cudgeler, an amateur MiBe of Trog (D:4)
  Grinder (D:3)
  A hippogriff (D:8)
  Sigmund (D:2)
  2 vampires
  A yak (D:8)
  3 hungry ghosts (D:7)
  A water moccasin (D:7)
  2 phantoms
  2 sky beasts
  A black bear (D:7)
  4 ogres
  A centaur (D:8)
  A crocodile (D:8)
  Blork the orc (D:4)
  A bullfrog (D:7)
  4 scorpions
  3 killer bees (D:9)
  4 howler monkeys
  A centaur zombie (D:5)
  6 crimson imps
  A bullfrog zombie (D:9)
  A centaur skeleton (D:9)
  3 hounds
  3 jellies
  Crazy Yiuf (D:3)
  5 orc wizards
  2 bullfrog skeletons
  Terence (D:3)
  Ijyb (D:4)
  An iguana (D:7)
  3 worker ants
  5 gnolls
  12 adders
  An adder skeleton (D:5)
  4 worms
  5 leopard geckos
  29 orcs
  7 giant cockroaches
  6 goblins
  5 hobgoblins
  12 jackals
  7 quokkas
  2 ball pythons
  8 bats
  5 frilled lizards
  6 kobolds
  A leopard gecko skeleton (D:4)
  10 rats
191 creatures vanquished.

Notes
Turn   | Place    | Note
-------+----------+-------------------------------------------
     0 | D:1      | qqqbard the Minotaur Berserker began the quest for the Orb.
     0 | D:1      | Reached XP level 1. HP: 19/19 MP: 0/0
    98 | D:1      | Reached skill level 4 in Long Blades
   120 | D:1      | Reached XP level 2. HP: 12/27 MP: 1/1
   267 | D:1      | Reached XP level 3. HP: 25/33 MP: 2/2
   272 | D:1      | Reached ** piety under Trog
   788 | D:2      | Noticed Sigmund
   794 | D:2      | Killed Sigmund
   794 | D:2      | Reached skill level 5 in Long Blades
   794 | D:2      | Reached XP level 4. HP: 41/41 MP: 3/3
   794 | D:2      | Reached XP level 5. HP: 47/47 MP: 4/4
  1518 | D:3      | Reached XP level 6. HP: 40/55 MP: 5/5
  1548 | D:3      | Reached *** piety under Trog
  1697 | D:3      | Found a runed door.
  1701 | D:3      | Noticed Crazy Yiuf
  1705 | D:3      | Killed Crazy Yiuf
  1786 | D:3      | Noticed Grinder
  1797 | D:3      | Killed Grinder
  1797 | D:3      | Reached skill level 5 in Fighting
  1797 | D:3      | Reached skill level 6 in Long Blades
  1877 | D:3      | Noticed Terence
  1894 | D:3      | Killed Terence
  1894 | D:3      | Reached XP level 7. HP: 32/61 MP: 6/6
  2263 | D:4      | Noticed Ijyb
  2264 | D:4      | Paralysed by Ijyb for 2 turns
  2280 | D:4      | Killed Ijyb
  2280 | D:4      | Reached skill level 5 in Armour
  2357 | D:4      | Reached skill level 7 in Long Blades
  2490 | D:4      | Noticed Deofuta's ghost (amateur MiBe)
  2517 | D:4      | Killed Deofuta's ghost
  2525 | D:4      | Noticed Blork the orc
  2531 | D:4      | Killed Blork the orc
  2801 | D:4      | Found a shattered altar of Ashenzari.
  2802 | D:4      | Found an ancient bone altar of Kikubaaqudgha.
  2805 | D:4      | Found an opulent altar of Gozag.
  2805 | D:4      | Found a blossoming altar of Fedhas.
  2805 | D:4      | Found a white marble altar of Elyvilon.
  2806 | D:4      | Found a stormy altar of Qazlal.
  2806 | D:4      | Found a shimmering altar of Xom.
  2807 | D:4      | Found a shadowy altar of Dithmenos.
  2809 | D:4      | Found a bloodstained altar of Trog.
  2965 | D:5      | Entered Level 5 of the Dungeon
  2978 | D:5      | Reached XP level 8. HP: 66/70 MP: 7/7
  3062 | D:5      | Reached skill level 5 in Dodging
  3089 | D:5      | Reached skill level 8 in Long Blades
  3153 | D:5      | Noticed CanOfBees's ghost (novice TeMo)
  3166 | D:5      | Killed CanOfBees's ghost
  3451 | D:5      | Noticed Pikel
  3472 | D:5      | Killed Pikel
  3472 | D:5      | Reached skill level 9 in Long Blades
  3686 | D:5      | Found a staircase to the Ecumenical Temple.
  3922 | Temple   | Entered the Ecumenical Temple
  4037 | D:6      | Reached **** piety under Trog
  4037 | D:6      | Reached XP level 9. HP: 71/79 MP: 8/8
  4222 | D:6      | Found an ornate altar of the Wu Jian Council.
  4268 | D:6      | Reached skill level 10 in Long Blades
  4971 | D:7      | Found a sparkling altar of Nemelex Xobeh.
  5223 | D:7      | Reached skill level 11 in Long Blades
  5511 | D:8      | Found Qij Xuas's Armour Shop.
  5585 | D:8      | Reached XP level 10. HP: 76/90 MP: 9/9
  5699 | D:8      | Found an iron altar of Okawaru.
  5773 | D:8      | Got a clouded silver ring
  6516 | D:9      | Found a deep blue altar of Sif Muna.
  6517 | D:9      | Identified the ring "Riyjih" {+Fly rN+ MP+9 SInv} (You found it on level 8 of the Dungeon)
  6672 | D:9      | Reached ***** piety under Trog
  7022 | D:9      | Mangled by an orc warrior

Vault maps used:
D:1:      lemuel_arrival_muddy, minmay_pentomino_z2
D:2:      uniq_sigmund
D:3:      serial_bayou_pond_a, minivault_14, uniq_crazy_yiuf_cottage,
          uniq_grinder, uniq_terence
D:4:      minitemple, serial_glass, glass_columns_b, glass_columns_a,
          glass_columns_a, glass_columns_a, glass_columns_a, glass_columns_a,
          uniq_iyjb, uniq_blork_the_orc
D:5:      minmay_temple_entry_fiery, first_bread, uniq_pikel
D:6:      lemuel_doored_altar
D:7:      nemelex_altar_shiori
D:8:      okawaru_trees_2, serial_shops, shop
D:9:      kennysheep_little_box
Temple:   corrupted_temple

Skill      XL: |  1  2  3  4  5  6  7  8  9 10 |
---------------+-------------------------------+-----
Long Blades    | 4 5 6 7 9 11 | 11.9
Fighting       | 4 5 6 7 8 9 |  9.0
Armour         | 3 4 5 7 8 |  8.5
Dodging        | 3 4 6 7 |  7.8
Evocations     | |  0.6

Action                   |  1- 3 |  4- 6 |  7- 9 | 10-12 || total
-------------------------+-------+-------+-------+-------++-------
Melee: Falchion          |    47 |    96 |   348 |   128 ||   619
       Headbutt          |    11 |    25 |    88 |    34 ||   158
Invok: Berserk           |     1 |     1 |     2 |     2 ||     6
       Trog's Hand       |       |       |       |     2 ||     2
  Use: Scroll            |     4 |       |       |     1 ||     5
       Potion            |       |       |       |     2 ||     2
  Eat: Chunk             |       |     5 |    28 |     5 ||    38
       Royal jelly       |       |       |     1 |       ||     1
       Fruit             |       |       |       |     2 ||     2
Armor: Animal skin       |    11 |     7 |       |       ||    18
       Scale mail        |       |    19 |       |       ||    19
       Chain mail        |       |       |   162 |    47 ||   209
Dodge: Dodged            |    37 |    43 |   143 |    63 ||   286
Block: Buckler           |       |    16 |    67 |    33 ||   116
       Rpst.: Falchion   |     9 |    12 |    37 |    16 ||    74
